 Dungeon Crawl Stone Soup version 0.31-a0-799-g6bc09d0 (webtiles) character file.

Game seed: 444354693765776022

61043 CumLord the Protected (level 14, 143/143 HPs)
             Began as a Demonspawn Fighter on Sept 18, 2023.
             Was the Champion of Jiyva.
             Got out of the dungeon
             ... with 1 rune!
             The game lasted 00:47:56 (15452 turns).

CumLord the Protected (Demonspawn Fighter)         Turns: 15452, Time: 00:47:57

Health: 143/143    AC: 20    Str: 30    XL:     14   Next: 10%
Magic:  14/14      EV: 11    Int: 11    God:    Jiyva [******]
Gold:   750        SH: 21    Dex: 19    Spells: 13/13 levels left

rFire   . . .        H - +10 falchion "Odghamuho" {speed, Str+7 Stlth-}
rCold   . . .        b - +5 Storm Queen's Shield {shock, Fly rElec}
rNeg    . . .        l - +0 plate armour
rPois   .            (helmet unavailable)
rElec   +            d - +0 cloak
rCorr   +            (no gloves)
SInv    +            (no boots)
Will    +....        n - amulet "Eblupun" {Acrobat Slay+2} Stlth
                     f - +4 ring of protection
HPRegen 2.03/turn    B - ring of Parugiwi {Str+3 Dex+6 SInv}
MPRegen 0.64/turn

%: acrobat
@: flying
A: horns 3, large bone plates 1, ignite blood 1, talons 2, robust 3, acidic
bite, eyeballs 3, noise suppression
}: 1/15 runes: slimy
a: Renounce Religion, Oozemancy, Slimify


You escaped.
You worshipped Jiyva.
Jiyva was exalted by your worship.
You visited 4 branches of the dungeon, and saw 22 of its levels.
You also visited: Sewer.

You collected 750 gold pieces.

Inventory:

Hand Weapons
 H - the +10 falchion "Odghamuho" (weapon) {speed, Str+7 Stlth-}
   (You took it off a wight on level 9 of the Dungeon)

   Str+7:     It affects your strength (+7).
   Stlth-:    It makes you less stealthy.
Armour
 b - the +5 Storm Queen's Shield (worn) {shock, Fly rElec}
   (You found it on level 1 of the Lair of Beasts)

   Shock:     When it blocks an attack, it may electrocute the attacker.
   This works even against foes who are a short distance away.
   rElec:     It insulates you from electricity.
   Fly:       It grants you flight.
 d - a +0 cloak (worn)
 l - a +0 plate armour (worn)
 m - the orb "Atyiq" {*Rage, rC++}
   (You found it on level 2 of the Lair of Beasts)

   rC++:      It greatly protects you from cold.
Jewellery
 f - a +4 ring of protection (left hand)
 h - a ring of willpower
 n - the amulet "Eblupun" (around neck) {Acrobat Slay+2}
   (You found it on level 5 of the Dungeon)

   [amulet of the acrobat]

   Acrobat:   It increases your evasion while moving and waiting.
   Slay+2:    It affects your accuracy & damage with ranged weapons and melee
   (+2).
 o - a ring of poison resistance
 A - a ring of protection from cold
 B - the ring of Parugiwi (right hand) {Str+3 Dex+6 SInv}
   (You found it on level 5 of the Pits of Slime)

   [ring of dexterity]

   Str+3:     It affects your strength (+3).
   Dex+6:     It affects your dexterity (+6).
   SInv:      It lets you see invisible.
 C - the ring of Sovereignty {Drain Fly rPois AC+4 Dex+3}
   (You found it on level 5 of the Pits of Slime)

   [ring of protection]

   AC+4:      It affects your AC (+4).
   Dex+3:     It affects your dexterity (+3).
   rPois:     It protects you from poison Fly: It grants you flight.
   Drain:     It drains your maximum health when unequipped.
Talismans
 a - a granite talisman
 L - a serpent talisman
Wands
 i - a wand of flame (34)
 j - a wand of light (4)
 v - a wand of polymorph (36)
 w - a wand of charming (6)
 y - a wand of roots (11)
Scrolls
 p - a scroll of enchant armour
 q - a scroll of teleportation
 r - a scroll of fog
 u - a scroll of amnesia
 D - a scroll of revelation
Potions
 c - 3 potions of curing
 e - a potion of brilliance
 g - a potion of might
 k - 2 potions of cancellation
 s - a potion of haste
 t - 2 potions of ambrosia {unknown}
 x - a potion of degeneration {unknown}
 z - a potion of lignification
 M - 2 potions of enlightenment


   Skills:
 + Level 10.2 Fighting
 + Level 10.5 Long Blades
 + Level 3.6(6.7) Axes
 + Level 8.9(9.3) Maces & Flails
 + Level 11.0 Armour
 + Level 7.2 Dodging
 + Level 4.5 Stealth
 + Level 8.9 Shields
 + Level 0.1 Unarmed Combat
 + Level 0.5 Shapeshifting


You had 13 spell levels left.
You didn't know any spells.
Your spell library contained the following spells:

 Spells                   Type           Power      Damage    Failure   Level
 Foxfire                  Conj/Fire      0%         2x1d4     98%         1
 Conjure Ball Lightning   Conj/Air       0%         3x3d6     100%        6
 Plasma Beam              Fire/Air       0%         2x1d10    100%        6
 Starburst                Conj/Fire      0%         6d3       100%        6
 Discord                  Hex            0%         N/A       100%        8
 Disjunction              Tloc           0%         N/A       100%        8


Dungeon Overview and Level Annotations

Branches:
Dungeon (11/15)            Temple (1/1) D:4            Lair (5/5) D:11
  Swamp (0/4) Lair:2        Snake (0/4) Lair:3        Slime (5/5) Lair:4
    Orc (0/2) D:9           Sewer (visited)

Altars:
Ashenzari
Cheibriados
Dithmenos
Fedhas
Gozag
Hepliaklqana
Kikubaaqudgha
Makhleb
Nemelex Xobeh
Okawaru
Qazlal
Ru
Sif Muna
Trog
Uskayaw
Vehumet
Wu Jian
Xom
Yredelemnul
Jiyva

Annotations:
Slime:4 Dissolution
Slime:5 Royal Jelly


Innate Abilities, Weirdness & Mutations

You have a pair of large horns on your head.
You are partially covered in large bone plates. (SH +4)
Your demonic aura sometimes causes spilled blood to erupt in flames.
You have razor-sharp toenails.
You are extremely robust. (+30% HP)
You have acidic saliva.
Your body is covered in eyes which may confuse attackers. (Acc +7, SInv)
You passively dampen the noise of your surroundings.


Message History

You fly upwards.
There is a stone staircase leading down here.
There is a stone staircase leading up here.
You fly upwards.
There is a stone staircase leading down here.
You hear a distant slurping noise.
You hear a squelching noise.
You hear a distant slurping noise.
You hear a distant slurping noise.
There is an escape hatch in the ceiling here.
You hear a distant slurping noise.
A mysterious force pulls you upwards. The hatch slams shut behind you.
There is a stone staircase leading up here.
You fly upwards.
There is a stone staircase leading down here.
There is a stone staircase leading up here.
You fly upwards.
There is a stone staircase leading down here.
You hear a distant slurping noise.
There is a stone staircase leading up here.
You fly upwards.
There is a stone staircase leading down here.
There is a stone staircase leading up here.
You can't go down here!
You fly upwards.
There is a stone staircase leading down here.
There is a stone staircase leading up here.
You fly upwards.
There is a stone staircase leading down here.
You see here a +0 dagger.
There is a stone staircase leading up here.
You fly upwards.
There is a stone staircase leading down here.
Done exploring.
There is an open door here.
There is an open door here.
There is an open door here.
There is an open door here.
There is an open door here.
There is a staircase leading out of the dungeon here.
You have escaped!

.# #.# .# #.# .#
#.# ## #.# ###
♣♣♣♣♣ ####
♣♣♣...#######..##
♣♣..........#....#
............#...@#
.......#######..##
.............##'#
........P.P..#..#
.#..#......).#..#
.#..#.P.P.P..#..#
.#..#8...P.P.#..#
.#..#.P.P.P..#..#
.#..#..P.P...#..#


There were no monsters in sight!

Vanquished Creatures
  A fire dragon (Lair:4)
  The ghost of BarneyGumball the Slicer, a journeyman VSBr of Xom (Lair:3)
  2 hydras
  A catoblepas (Lair:4)
  3 two-headed ogres
  5 death yaks (Lair:5)
  2 skysharks (Lair:4)
  A deep elf pyromancer (D:11)
  A lindwurm (Lair:4)
  An ugly thing (D:9)
  A faun (Lair:1)
  4 black mambas
  9 elephants
  A guardian serpent (Lair:3)
  Maurice (D:8)
  4 cane toads
  4 kobold demonologists
  12 rime drakes
  5 komodo dragons
  A troll (D:7)
  3 polar bears
  8 blink frogs (Lair:2)
  3 hornets
  11 dream sheep (Lair:4)
  2 spriggans (Lair:3)
  An air elemental (D:10)
  2 wraiths
  A water elemental (D:10)
  7 wyverns
  A fire elemental (D:10)
  A basilisk (Lair:1)
  20 steam dragons
  61 yaks
  5 vampire mosquitoes (Lair:2)
  A warg (D:9)
  2 acid dragons (D:11)
  12 water moccasins
  2 orc warriors
  3 black bears
  4 sky beasts
  4 wolves (Lair:2)
  4 centaurs
  A phantom (D:6)
  An ogre (D:4)
  6 kobold brigands
  10 bullfrogs
  4 necrophages (Lair:4)
  3 scorpions
  An earth elemental (D:10)
  15 wights
  9 killer bees
  An electric eel (Lair:2)
  2 howler monkeys
  2 hounds
  3 jellies (Sewer)
  7 orc priests
  Crazy Yiuf (D:2)
  Jessica (D:3)
  An iguana (D:6)
  A sleepcap (D:6)
  5 orc wizards
  6 hell rats (Lair:3)
  4 gnolls (D:5)
  5 adders
  3 river rats
  A white imp (D:6)
  3 ufetubi
  2 worms
  2 dart slugs
  22 orcs
  21 endoplasms
  3 giant cockroaches
  4 goblins (D:2)
  9 hobgoblins
  3 quokkas
  9 ball pythons
  3 bats (D:1)
  4 frilled lizards
  20 kobolds
  8 rats
424 creatures vanquished.

Vanquished Creatures (collateral kills)
  A boulder beetle (D:11)
  A lindwurm (Lair:5)
  2 kobold demonologists (D:10)
  A troll (D:11)
  A dream sheep (Lair:4)
  A water moccasin (Lair:4)
  2 kobold brigands (D:10)
  A necrophage (Lair:4)
  An orc wizard (D:10)
  An orc (D:5)
12 creatures vanquished.

Vanquished Creatures (others)
  A rime drake (Lair:5)
  A dream sheep (Lair:5)
  A steam dragon (Lair:5)
  2 water moccasins (D:7)
  2 centaurs (D:10)
  29 jellies
  An orc priest (D:9)
  An endoplasm (Lair:4)
  2 orcs (D:7)
  A goblin (D:9)
  4 kobolds
45 creatures vanquished.

Grand Total: 481 creatures vanquished

Notes
Turn   | Place    | Note
-------+----------+-------------------------------------------
     0 | D:1      | CumLord the Demonspawn Fighter began the quest for the Orb.
     0 | D:1      | Reached XP level 1. HP: 18/18 MP: 1/1
   412 | D:1      | Gained mutation: You have a pair of small horns on your
                  | head. [demonic ancestry]
   412 | D:1      | Reached XP level 2. HP: 24/24 MP: 2/2
   643 | D:1      | Reached skill level 3 in Armour
  1103 | D:2      | Reached XP level 3. HP: 28/29 MP: 3/3
  1487 | D:2      | Identified the +9 hammer "Dragon's Tongue" {heavy, rN+
                  | Will+ Str+2}
  1491 | D:2      | Found a runed translucent door.
  1492 | D:2      | Noticed Crazy Yiuf
  1498 | D:2      | Killed Crazy Yiuf
  1499 | D:2      | Reached XP level 4. HP: 34/35 MP: 4/4
  1505 | D:2      | Identified the +2 hammer "Conservator" {freeze, rElec
                  | Str+6}
  1632 | D:3      | Noticed Jessica
  1638 | D:3      | Killed Jessica
  2367 | D:4      | Found a staircase to the Ecumenical Temple.
  2377 | D:4      | Gained mutation: You have a pair of horns on your head.
                  | [demonic ancestry]
  2377 | D:4      | Reached XP level 5. HP: 23/41 MP: 5/5
  2385 | Temple   | Entered the Ecumenical Temple
  2534 | Temple   | Became a worshipper of Ashenzari the Shackled
  2586 | D:4      | Reached skill level 4 in Armour
  2586 | D:4      | Reached skill level 1 in Dodging
  2802 | D:4      | Reached skill level 1 in Maces & Flails
  2802 | D:4      | Reached XP level 6. HP: 48/48 MP: 6/6
  3139 | D:5      | Entered Level 5 of the Dungeon
  3221 | D:5      | Identified the amulet "Eblupun" {Acrobat Slay+2}
  3224 | D:5      | Reached XP level 7. HP: 48/53 MP: 7/7
  3287 | D:5      | Reached skill level 1 in Stealth
  3542 | D:5      | Noticed a yak
  3544 | D:5      | Noticed a yak
  3544 | D:5      | Noticed a yak
  3545 | D:5      | Noticed a yak
  3547 | D:5      | Noticed a yak
  3549 | D:5      | Killed a yak
  3550 | D:5      | Reached skill level 5 in Armour
  3558 | D:5      | Killed a yak
  3563 | D:5      | Killed a yak
  3564 | D:5      | Reached XP level 8. HP: 38/61 MP: 8/8
  3788 | D:5      | Found a glowing drain.
  3798 | Sewer    | Entered a sewer
  3932 | Sewer    | Reached skill level 6 in Armour
  4016 | Sewer    | Reached skill level 5 in Fighting
  4016 | Sewer    | Found a viscous altar of Jiyva.
  4127 | Sewer    | Fell from the grace of Ashenzari
  4127 | Sewer    | Became a worshipper of Jiyva Jumisiku the Shapeless
  4561 | D:6      | Reached * piety under Jiyva
  4600 | D:6      | Reached skill level 5 in Maces & Flails
  4724 | D:6      | Reached XP level 9. HP: 56/68 MP: 9/9
  4983 | D:6      | Reached ** piety under Jiyva
  5478 | D:7      | Paralysed by a hornet for 3 turns
  5482 | D:7      | Paralysed by a hornet for 3 turns
  5496 | D:7      | Reached skill level 7 in Armour
  5804 | D:7      | Noticed a troll
  5815 | D:7      | Killed a troll
  5906 | D:7      | Was forgiven by Ashenzari
  6033 | D:7      | Reached *** piety under Jiyva
  6207 | D:8      | Upgraded the game from 0.31-a0-791-g6eb203d to
                  | 0.31-a0-799-g6bc09d0
  6234 | D:8      | Gained mutation: You have very sharp teeth. [Jiyva's grace]
  6234 | D:8      | Gained mutation: You have extremely sharp teeth. [Jiyva's
                  | grace]
  6234 | D:8      | Gained mutation: You have razor-sharp teeth. [Jiyva's
                  | grace]
  6234 | D:8      | Gained mutation: You have acidic saliva. [Jiyva's grace]
  6262 | D:8      | Found a basalt altar of Yredelemnul.
  6413 | D:8      | Gained mutation: Your demonic aura sometimes causes spilled
                  | blood to erupt in flames. [demonic ancestry]
  6413 | D:8      | Reached XP level 10. HP: 72/77 MP: 10/10
  6418 | D:8      | Noticed a two-headed ogre
  6427 | D:8      | Killed a two-headed ogre
  6428 | D:8      | Reached skill level 8 in Armour
  6554 | D:8      | Noticed Maurice
  6557 | D:8      | Something stole a +0 giant club
  6558 | D:8      | Something stole 144 gold
  6561 | D:8      | Something stole 264 gold
  6562 | D:8      | Killed Maurice
  6829 | D:8      | Reached **** piety under Jiyva
  6829 | D:8      | You fall into a shaft and drop 1 floor!
  6985 | D:9      | Found a staircase to the Orcish Mines.
  7097 | D:9      | Identified the +10 falchion "Odghamuho" {speed, Str+7
                  | Stlth-}
  7245 | D:9      | Noticed a brown ugly thing
  7254 | D:9      | Killed a brown ugly thing
  7255 | D:9      | Reached XP level 11. HP: 52/83 MP: 11/11
  7346 | D:9      | Reached skill level 5 in Dodging
  7578 | D:9      | Reached skill level 1 in Long Blades
  7700 | D:9      | Reached ***** piety under Jiyva
  7928 | D:10     | Entered Level 10 of the Dungeon
  7962 | D:10     | Noticed a two-headed ogre
  7971 | D:10     | Killed a two-headed ogre
  8117 | D:10     | Found a large runed translucent door.
  8117 | D:10     | Found a large runed translucent door.
  8153 | D:10     | Paralysed by an air elemental for 1 turns
  8156 | D:10     | Paralysed by an air elemental for 1 turns
  8353 | D:10     | Reached skill level 5 in Long Blades
  8389 | D:10     | Lost mutation: You have razor-sharp teeth. [Jiyva's grace]
  8389 | D:10     | Gained mutation: You have large cloven feet. [Jiyva's
                  | grace]
  8389 | D:10     | Gained mutation: You have hoof-like feet. [Jiyva's grace]
  8389 | D:10     | Gained mutation: You have hooves in place of feet. [Jiyva's
                  | grace]
  8389 | D:10     | Gained mutation: Your translucent skin slightly reduces
                  | your foes' accuracy. (Stealth+) [Jiyva's grace]
  9037 | D:11     | Noticed a two-headed ogre
  9045 | D:11     | Killed a two-headed ogre
  9114 | D:11     | Gained mutation: You do not regenerate when monsters are
                  | visible. [a neqoxec]
  9535 | D:11     | Reached ****** piety under Jiyva
  9537 | D:11     | Found a staircase to the Lair.
  9567 | D:11     | Noticed a boulder beetle
  9571 | D:11     | Noticed a deep elf pyromancer
  9574 | D:11     | Killed a boulder beetle
  9580 | D:11     | Killed a deep elf pyromancer
  9581 | D:11     | Gained mutation: You are partially covered in large bone
                  | plates. (SH +4) [demonic ancestry]
  9581 | D:11     | Reached XP level 12. HP: 64/94 MP: 12/12
  9814 | D:11     | Reached skill level 9 in Armour
  9957 | Lair:1   | Entered Level 1 of the Lair of Beasts
 10021 | Lair:1   | Identified the +2 dagger "Ymnallom" {speed, rF+ rN+ Str+3}
 10105 | Lair:1   | Found the +5 Storm Queen's Shield {shock, Fly rElec}
 10216 | Lair:1   | Lost mutation: You have extremely sharp teeth. [Jiyva's
                  | grace]
 10216 | Lair:1   | Lost mutation: You have hooves in place of feet. [Jiyva's
                  | grace]
 10216 | Lair:1   | Lost mutation: You have hoof-like feet. [Jiyva's grace]
 10216 | Lair:1   | Lost mutation: You do not regenerate when monsters are
                  | visible. [Jiyva's grace]
 10216 | Lair:1   | Gained mutation: Your body has grown eyes which may confuse
                  | attackers. (Acc +3) [Jiyva's grace]
 10216 | Lair:1   | Gained mutation: Your body has grown many eyes which may
                  | confuse attackers. (Acc +5) [Jiyva's grace]
 10216 | Lair:1   | Gained mutation: Your body is covered in eyes which may
                  | confuse attackers. (Acc +7, SInv) [Jiyva's grace]
 10216 | Lair:1   | Gained mutation: You have a pair of large horns on your
                  | head. [Jiyva's grace]
 10766 | Lair:2   | Reached skill level 5 in Shields
 10801 | Lair:2   | Identified the +4 robe "Ecric" {rPois Str+6 Slay-2
                  | Archmagi}
 10820 | Lair:2   | Identified the orb "Atyiq" {*Rage, rC++}
 10987 | Lair:2   | Found a staircase to the Swamp.
 11355 | Lair:3   | Lost mutation: You have a pair of large horns on your head.
                  | [Jiyva's grace]
 11355 | Lair:3   | Lost mutation: Your body is covered in eyes which may
                  | confuse attackers. (Acc +7, SInv) [Jiyva's grace]
 11355 | Lair:3   | Lost mutation: Your translucent skin slightly reduces your
                  | foes' accuracy. (Stealth+) [Jiyva's grace]
 11355 | Lair:3   | Gained mutation: You are robust. (+10% HP) [Jiyva's grace]
 11355 | Lair:3   | Gained mutation: You are very robust. (+20% HP) [Jiyva's
                  | grace]
 11355 | Lair:3   | Gained mutation: You are extremely robust. (+30% HP)
                  | [Jiyva's grace]
 11355 | Lair:3   | Gained mutation: Your body is covered in eyes which may
                  | confuse attackers. (Acc +7, SInv) [Jiyva's grace]
 11520 | Lair:3   | Found a staircase to the Snake Pit.
 11529 | Lair:3   | Reached XP level 13. HP: 131/131 MP: 13/13
 11717 | Lair:3   | Found a runed translucent door.
 11747 | Lair:3   | Noticed BarneyGumball's ghost (journeyman VSBr)
 11748 | Lair:3   | Identified the +6 trident of Vanity {elec, Fly rElec MP-9}
 11777 | Lair:3   | Killed BarneyGumball's ghost
 12152 | Lair:4   | Reached skill level 10 in Armour
 12321 | Lair:4   | Reached skill level 10 in Long Blades
 12559 | Lair:4   | Found a runed translucent door.
 12559 | Lair:4   | Found a viscous altar of Jiyva.
 12564 | Lair:4   | Found a staircase to the Slime Pits.
 12575 | Slime:1  | Entered Level 1 of the Pits of Slime
 12577 | Slime:1  | Noticed an acid blob
 12592 | Slime:1  | Noticed an acid blob
 12610 | Slime:1  | Noticed a quicksilver ooze
 12628 | Slime:1  | Noticed an acid blob
 12766 | Slime:2  | Noticed a quicksilver ooze
 12848 | Slime:2  | Noticed a formless jellyfish
 12853 | Slime:2  | Noticed a formless jellyfish
 12855 | Slime:2  | Noticed a formless jellyfish
 12923 | Slime:3  | Noticed an acid blob
 12969 | Slime:3  | Noticed a formless jellyfish
 12972 | Slime:3  | Noticed a formless jellyfish
 12975 | Slime:3  | Noticed a formless jellyfish
 13012 | Slime:3  | Noticed an azure jelly
 13024 | Slime:3  | Noticed an azure jelly
 13029 | Slime:3  | Noticed an acid blob
 13136 | Slime:4  | Noticed an acid blob
 13138 | Slime:4  | Noticed an acid blob
 13140 | Slime:4  | Noticed an acid blob
 13168 | Slime:4  | Noticed a quicksilver ooze
 13180 | Slime:4  | Noticed Dissolution
 13302 | Slime:5  | Entered Level 5 of the Pits of Slime
 13302 | Slime:5  | Noticed a quicksilver ooze
 13400 | Slime:5  | Found a viscous altar of Jiyva.
 13402 | Slime:5  | Noticed an acid blob
 13409 | Slime:5  | Identified the ring of Parugiwi {Str+3 Dex+6 SInv}
 13419 | Slime:5  | Noticed a rockslime
 13425 | Slime:5  | Noticed an azure jelly
 13429 | Slime:5  | Noticed a rockslime
 13436 | Slime:5  | Identified the staff "Beetlebane" {rF+ Str+2 Fire}
 13479 | Slime:5  | Noticed an acid blob
 13546 | Slime:5  | Noticed an acid blob
 13547 | Slime:5  | Noticed an azure jelly
 13553 | Slime:5  | Noticed an acid blob
 13563 | Slime:5  | Noticed an azure jelly
 13633 | Slime:5  | Noticed an acid blob
 13673 | Slime:5  | Noticed the Royal Jelly
 13724 | Slime:5  | Identified the ring of Sovereignty {Drain Fly rPois AC+4
                  | Dex+3}
 13729 | Slime:5  | Got a slimy rune of Zot
 13735 | Slime:5  | Identified the +4 hand axe "Rofued" {drain, rElec rPois}
 14553 | Lair:5   | Entered Level 5 of the Lair of Beasts
 14582 | Lair:5   | Noticed a fire dragon
 14732 | Lair:4   | Reached skill level 10 in Fighting
 14756 | Lair:4   | Killed a fire dragon
 14834 | Lair:5   | Lost mutation: You have very sharp teeth. [Jiyva's grace]
 14834 | Lair:5   | Gained mutation: You passively dampen the noise of your
                  | surroundings. [Jiyva's grace]
 14834 | Lair:5   | Gained mutation: You have a pair of large horns on your
                  | head. [Jiyva's grace]
 14834 | Lair:5   | Lost mutation: You have large cloven feet. [Jiyva's grace]
 14834 | Lair:5   | Gained mutation: You have sharp toenails. [Jiyva's grace]
 14834 | Lair:5   | Gained mutation: You have razor-sharp toenails. [Jiyva's
                  | grace]
 14903 | Lair:5   | Mutation became permanent: You have a pair of horns on your
                  | head. [demonic ancestry]
 14903 | Lair:5   | Gained mutation: You have a pair of large horns on your
                  | head. [demonic ancestry]
 14903 | Lair:5   | Reached XP level 14. HP: 143/143 MP: 14/14
 14941 | Lair:5   | Reached skill level 11 in Armour
 15452 | D:$      | Got out of the dungeon!

Illustrated notes

Levels and vault maps discovered:
D:1:      sevenhm_arrival_forest_fort_large_4, layout_loops_ring
D:2:      layout_loops_cross, minmay_misc_feat_rugged,
          minmay_shallow_snake_nest, uniq_crazy_yiuf_cottage
D:3:      layout_loops_cross, corexii_corridor_pit, st_stairs_5, uniq_jessica
D:4:      layout_cave_pools, minmay_temple_entry_proselytizer,
          chequers_serial_rivers_room_a, abandoned_shop, minivault_11
D:5:      layout_loops_ring, elyvilon_altar_3, portal_sewer_entry_e,
          grunt_decor_mini_mirrors
D:6:      layout_basic
D:7:      layout_basic, minmay_strange_pillars, nicolae_letterblocks
          [nicolae_letter_subblock, nicolae_letter_subblock,
          nicolae_letter_subblock, nicolae_letter_subblock,
          nicolae_letter_subblock, nicolae_letter_subblock,
          nicolae_letter_subblock, nicolae_letter_subblock,
          nicolae_letter_subblock, nicolae_letter_subblock,
          nicolae_letter_subblock, nicolae_letter_subblock,
          nicolae_letter_subblock, nicolae_letter_subblock,
          nicolae_letter_subblock, nicolae_letter_subblock,
          nicolae_letter_subblock, nicolae_letter_subblock,
          nicolae_letter_subblock, nicolae_letter_subblock,
          nicolae_letter_subblock, nicolae_letter_subblock,
          nicolae_letter_subblock, nicolae_letter_subblock,
          nicolae_letter_subblock]
D:8:      layout_loops_ring, mainiacjoe_overflow_catwalk, uniq_maurice
D:9:      layout_loops_ring, erik_orc_4, water_boxes_lemuel
D:10:     layout_loops_ring, lightli_elemental_guards
D:11:     layout_grid_maze, lair_entry_dummy, corexii_mini_fake_secret_closet
Temple:   nicolae_temple_slightly_damp_pantheon
Lair:1:   layout_concentric_octagons, grunt_forest_large_clearings,
          grunt_megastairs_4
Lair:2:   layout_chaotic_city, minmay_swamp_entry_swarm, columned_hall_lemuel
Lair:3:   layout_chaotic_city, minmay_snake_entry_spellcaster,
          ebering_ghost_funeral_grove, grunt_megastairs_1
Lair:4:   layout_long_grid, slime_entry_2, roderic_carrion_pond,
          infiniplex_staircase_pool
Lair:5:   due_jungle_book, layout_layer_cave, bobbens_dragon_lair_wall
Slime:1:  layout_caves
Slime:2:  layout_caves
Slime:3:  layout_caves
Slime:4:  layout_caves, uniq_dissolution
Slime:5:  slime_pit_nicolae_block_by_block

Skill      XL: |  1  2  3  4  5  6  7  8  9 10 11 12 13 14 |
---------------+-------------------------------------------+-----
Axes           | 2 3 |  3.6
Armour         | 3 4 5 6 7 8 9 10 11 | 11.0
Shields        | 3 4 6 8 |  8.9
Dodging        | 1 2 3 4 6 7 |  7.2
Maces & Flails | 1 2 3 5 7 8 |  8.9
Stealth        | 1 2 3 4 |  4.5
Fighting       | 4 5 6 7 8 9 10 | 10.2
Long Blades    | 6 9 10 | 10.5
Unarmed Combat | |  0.1
Shapeshifting  | |  0.5

Action                     |  1- 3 |  4- 6 |  7- 9 | 10-12 | 13-15 || total
---------------------------+-------+-------+-------+-------+-------++-------
  Melee: War axe           |    67 |       |       |       |       ||    67
         Headbutt          |     7 |     8 |    53 |   106 |    77 ||   251
         Mace              |     2 |    65 |   277 |   124 |       ||   468
         Bite              |       |       |     1 |    71 |    40 ||   112
         Falchion          |       |       |       |   342 |   225 ||   567
         Unarmed           |       |       |       |     6 |       ||     6
         Punch             |       |       |       |     6 |       ||     6
         Kick              |       |       |       |    76 |   104 ||   180
 Invoke: Curse Item        |       |       |     1 |       |       ||     1
    Use: Scroll            |     4 |     4 |     6 |     9 |       ||    23
         Potion            |     1 |       |     4 |     1 |     1 ||     7
   Stab: Distracted        |       |       |       |     1 |       ||     1
         Confused          |       |       |       |     5 |     5 ||    10
 Armour: Scale mail        |    58 |    40 |   275 |   128 |       ||   501
         Skin              |       |       |       |    12 |       ||    12
         Steam dragon scal |       |       |       |    75 |       ||    75
         Acid dragon scale |       |       |       |    22 |       ||    22
         Plate armour      |       |       |       |    81 |   230 ||   311
  Dodge: Dodged            |    29 |    25 |   259 |   336 |   129 ||   778
  Block: Buckler           |     9 |    35 |    36 |       |       ||    80
         Reflection        |       |     3 |       |       |       ||     3
         Kite shield       |       |       |       |   109 |   245 ||   354
         Other             |       |       |       |     9 |       ||     9
         Form:             |       |       |       |     1 |       ||     1
         Statue            |       |       |       |     1 |       ||     1

Table legend: (Time is in decaauts)
 A = Elapsed time spent in this place.
 B = Non-inter-level travel time spent in this place.
 C = Inter-level travel time spent in this place.
 D = Time resting spent in this place.
 E = Time spent auto-exploring this place.
 F = Levels seen in this place.
 G = Mean time per level.
                   A        B        C        D        E       F      G
               +--------+--------+--------+--------+--------+-----+--------+
         Total |  15456 |  15056 |    400 |    425 |  10375 |  23 |  672.0 |
       Dungeon |   9700 |   9300 |    400 |    277 |   6413 |  11 |  881.8 |
        Temple |    177 |    177 |      0 |      0 |     59 |   1 |  177.0 |
          Lair |   3355 |   3355 |      0 |    148 |   2169 |   5 |  671.0 |
    Slime Pits |   1741 |   1741 |      0 |      0 |   1530 |   5 |  348.2 |
         Sewer |    482 |    482 |      0 |      0 |    203 |   1 |  482.0 |
               +--------+--------+--------+--------+--------+-----+--------+

Top non-repeatable levels by time:
    D:11: 1178 daAuts
     D:9: 1097 daAuts
     D:5: 1009 daAuts
     D:1: 973 daAuts
     D:7: 926 daAuts
  Lair:4: 887 daAuts
    D:10: 859 daAuts
 Slime:5: 857 daAuts
     D:6: 802 daAuts
     D:2: 785 daAuts
  Lair:3: 758 daAuts
     D:4: 747 daAuts
  Lair:1: 711 daAuts
  Lair:2: 693 daAuts
     D:8: 674 daAuts
